 Dungeon Crawl Stone Soup version 0.30.1-4-g462c640d31 (webtiles) character file.

Game seed: 6578696354151856277

1066 safid the Chiller (level 8, -3/64 HPs)
             Began as a Merfolk Ice Elementalist on Aug 21, 2023.
             Slain by an ice beast (4 damage)
             ... on level 6 of the Dungeon.
             The game lasted 00:06:50 (5546 turns).

safid the Chiller (Merfolk Ice Elementalist)        Turns: 5546, Time: 00:06:50

Health: -3/64      AC:  3    Str:  9    XL:     8   Next: 28%
Magic:  15/15      EV: 12    Int: 16    God:
Gold:   186        SH:  5    Dex: 14    Spells: 10/17 levels left

rFire   + . .        e - staff of cold
rCold   + . .        (no shield)
rNeg    . . .        a - +0 robe
rPois   .            x - +0 helmet
rElec   .            (no cloak)
rCorr   .            (no gloves)
SInv    .            (no boots)
Will    .....        m - amulet of reflection
Stlth   ++           k - ring of protection from fire
HPRegen 0.30/turn    (no ring)
MPRegen 0.14/turn

%: reflection
@: no status effects
A: (nimble swimmer 2), mertail
a: no special abilities


You were on level 6 of the Dungeon.
You visited 1 branch of the dungeon, and saw 6 of its levels.

You collected 238 gold pieces.
You spent 52 gold pieces at shops.

Inventory:

Missiles
 c - 3 curare-tipped darts
Armour
 a - a +0 robe (worn)
 x - a +0 helmet (worn)
Magical Staves
 e - a staff of cold (weapon)
Jewellery
 k - a ring of protection from fire (left hand)
 m - an amulet of reflection (around neck)
Wands
 u - a wand of flame (23)
 y - a wand of mindburst (13)
Scrolls
 o - a scroll of acquirement {unknown}
 q - a scroll of fog {unknown}
 r - 2 scrolls of enchant armour
 t - a scroll of teleportation {unknown}
 v - 3 scrolls of magic mapping
 w - 3 scrolls of vulnerability {unknown}
 A - 3 scrolls of amnesia {unknown}
Potions
 b - a potion of magic
 f - a potion of cancellation {unknown}
 i - a potion of berserk rage {unknown}
 j - a potion of curing
 l - a potion of flight {unknown}
 p - a potion of haste {unknown}
 s - 2 potions of brilliance
 z - a potion of heal wounds {unknown}


   Skills:
 + Level 5.8 Fighting
 - Level 2.6 Dodging
 - Level 2.1 Stealth
 + Level 5.3 Spellcasting
 + Level 7.4 Ice Magic


You had 10 spell levels left.
You knew the following spells:

 Your Spells              Type           Power      Damage    Failure   Level
a - Freeze                Ice            100%       1d10      1%          1
b - Frozen Ramparts       Ice            82%        1d13      2%          3
c - Ozocubu's Armour      Ice            41%        N/A       2%          3

Your spell library contained the following spells:

 Spells                   Type           Power      Damage    Failure   Level
 Hailstorm                Conj/Ice       24%        3d7       10%         3
 Ice Form                 Ice/Tmut       24%        N/A       32%         4
 Summon Ice Beast         Ice/Summ       24%        N/A       32%         4
 Stone Arrow              Conj/Erth      8%         3d7       41%         3
 Animate Armour           Summ/Erth      8%         N/A       83%         4
 Simulacrum               Ice/Necr       12%        N/A       99%         6
 Lehudib's Crystal Spear  Conj/Erth      2%         10d2      100%        8


Dungeon Overview and Level Annotations

Branches:
Dungeon (6/15)
 Temple: D:4-7

Altars:
Cheibriados

Shops:
D:2 !   D:4 ***


Innate Abilities, Weirdness & Mutations

((You are very nimble when in or above water. (Stealth+, EV+, Speed+++)))
Your lower body shifts to a powerful aquatic tail in water.


Message History

The ice beast is severely wounded.
The ice beast barely misses you. You block the ice beast's attack.
You hit the ice beast but do no damage.
The ice beast is severely wounded.
You block the ice beast's attack.
You closely miss the ice beast.
The ice beast is severely wounded.
The ice beast hits you but does no damage.
You hit the ice beast but do no damage.
The ice beast is severely wounded.
The ice beast closely misses you.
You barely miss the ice beast.
The ice beast is severely wounded.
Your icy armour starts to melt.
The ice beast hits you.
* * * LOW HITPOINT WARNING * * *
The ice beast freezes you. You resist.
* * * LOW HITPOINT WARNING * * *
You hit the ice beast but do no damage.
The ice beast is severely wounded.
The ice beast hits you but does no damage. x2
You closely miss the ice beast.
The ice beast is severely wounded.
You block the ice beast's attack.
You hit the ice beast but do no damage.
The ice beast is severely wounded.
The ice beast hits you but does no damage.
You closely miss the ice beast.
The ice beast is severely wounded.
Your icy armour evaporates.
The ice beast misses you.
You barely miss the ice beast.
The ice beast is severely wounded.
The ice beast hits you.
* * * LOW HITPOINT WARNING * * *
The ice beast freezes you! You resist.
* * * LOW HITPOINT WARNING * * *
As you read the scroll of summoning, it crumbles to dust.
Wisps of shadow whirl around you... The ice beast hits you.
You die...

##Y......##
##.........#
#).........#
.......####...#
......# ##..#
....## #..#
...# #..# ..#
#Y.# .. #@J#
#5F# #..# #..##
##...##
#####.....#
.........##
.........#
#######.##


You could see an ice beast (ally target), a friendly bullfrog (summoned), a
friendly jelly (summoned) and a friendly ufetubus (summoned).

Vanquished Creatures
  2 water moccasins
  An ogre (D:5)
  A phantom (D:6)
  A bullfrog (D:6)
  A scorpion (D:4)
  2 orc priests (D:5)
  3 hounds
  2 jellies (D:6)
  A sleepcap (D:6)
  Natasha (thrice) (D:3)
  5 orc wizards (D:5)
  11 adders
  A worm (D:2)
  A dart slug (D:5)
  6 orcs
  7 endoplasms
  4 giant cockroaches
  6 hobgoblins
  2 kobolds
  A quokka (D:3)
  8 ball pythons
  5 bats
  A frilled lizard (D:1)
  7 goblins
  6 rats
88 creatures vanquished.

Notes
Turn   | Place    | Note
-------+----------+-------------------------------------------
     0 | D:1      | safid the Merfolk Ice Elementalist began the quest for the
                  | Orb.
     0 | D:1      | Reached XP level 1. HP: 13/13 MP: 3/3
   166 | D:1      | Found a faded altar of an unknown god.
   266 | D:1      | Reached XP level 2. HP: 19/20 MP: 3/5
   403 | D:1      | Reached skill level 1 in Fighting
  1036 | D:2      | Reached XP level 3. HP: 25/26 MP: 3/6
  1042 | D:2      | Learned a level 3 spell: Frozen Ramparts
  1316 | D:2      | Found Boept's Distillery.
  1320 | D:2      | Bought a potion of degeneration for 10 gold pieces
  1342 | D:2      | Found a snail-covered altar of Cheibriados.
  1348 | D:2      | Reached skill level 5 in Ice Magic
  1348 | D:2      | Reached XP level 4. HP: 33/33 MP: 4/8
  1354 | D:2      | Learned a level 3 spell: Ozocubu's Armour
  2738 | D:3      | Noticed Natasha
  2746 | D:3      | Killed Natasha
  2747 | D:3      | Reached XP level 5. HP: 30/39 MP: 2/9
  2839 | D:3      | Noticed Natasha
  2851 | D:3      | Killed Natasha
  2866 | D:3      | Noticed Natasha
  2871 | D:3      | Killed Natasha
  2977 | D:4      | Reached XP level 6. HP: 47/47 MP: 5/11
  3282 | D:4      | Found Caleng's General Store.
  3295 | D:4      | Found Yguimairr's Specific Store.
  3303 | D:4      | Bought a potion of curing for 42 gold pieces
  3362 | D:4      | Found Uprog's Mass Market.
  3562 | D:5      | Entered Level 5 of the Dungeon
  3602 | D:5      | Reached skill level 6 in Ice Magic
  3607 | D:5      | Reached XP level 7. HP: 52/54 MP: 4/13
  4229 | D:5      | Reached skill level 5 in Fighting
  4890 | D:6      | Reached skill level 7 in Ice Magic
  4961 | D:6      | Reached skill level 5 in Spellcasting
  4961 | D:6      | Reached XP level 8. HP: 62/62 MP: 9/15
  5534 | D:6      | HP: 3/64 [ice beast (3)]
  5545 | D:6      | HP: 1/64 [ice beast (7)]
  5546 | D:6      | Slain by an ice beast

Illustrated notes

Levels and vault maps discovered:
D:1:      eino_arrival_tree_alley, layout_loops_ring,
          chequers_ecumenical_altar_island, minmay_misc_feat_columns
D:2:      layout_loops_corners, basic_altar, serial_shops, shop,
          minmay_pentomino_t2
D:3:      layout_loops_cross, uniq_natasha
D:4:      layout_rooms, nicolae_specific_store, minmay_shop_mass,
          hangedman_minor_gate_pass
D:5:      layout_basic
D:6:      layout_layer_cave, lemuel_coloured_pillars_altar

Skill      XL: |  1  2  3  4  5  6  7 |
---------------+----------------------+-----
Fighting       | 1 2 3 4 5 |  5.8
Ice Magic      | 5 6 7 |  7.4
Spellcasting   | 3 4 5 |  5.3
Dodging        | |  2.6
Stealth        | |  2.1

Action                     |  1- 3 |  4- 6 |  7- 9 || total
---------------------------+-------+-------+-------++-------
  Melee: Unarmed           |    66 |       |       ||    66
         Staff             |    45 |    43 |   128 ||   216
         Punch             |       |     2 |     2 ||     4
   Cast: Freeze            |    21 |    26 |    18 ||    65
         Frozen Ramparts   |     1 |     7 |     8 ||    16
         Ozocubu's Armour  |       |     6 |    13 ||    19
    Use: Potion            |       |     1 |     2 ||     3
         Scroll            |       |       |     8 ||     8
   Stab: Sleeping          |     6 |     3 |       ||     9
 Armour: Robe              |    29 |    17 |    57 ||   103
  Dodge: Dodged            |    98 |    53 |    55 ||   206
  Block: Other             |       |     4 |    24 ||    28
